| TOP OF THE 1ST |
|
Erie SeaWolves batting - Pitching for Montgomery Biscuits : LHP Dave Lindsay
|
|
Pitching: LHP Dave Lindsay
|
|
|
Batting: RHB Yaremka Rzhevsky
|
0-0: Ball 1-0: Called Strike 1-1: Fly out, F8 (Line Drive, 8LD, EV 94.4 MPH)
|
|
Batting: LHB Luis Dominguez
|
0-0: Ball 1-0: Ball 2-0: Ball 3-0: Called Strike 3-1: Base on Balls
|
|
Batting: LHB Freddy Troncoso
|
0-0: Called Strike 0-1: Foul Ball, location: 2F 0-2: Strikes out looking
|
|
Batting: RHB Steve Clark
|
0-0: Ball Luis Dominguez is caught stealing 2nd base 2-4
|
| Top of the 1st over - 0 runs, 0 hits, 0 errors, 0 left on base; Erie 0 - Montgomery 0 |
| BOTTOM OF THE 1ST |
|
Montgomery Biscuits batting - Pitching for Erie SeaWolves : RHP Branden Maynard
|
|
Pitching: RHP Branden Maynard
|
|
|
Batting: RHB Cal Winters
|
0-0: Ball 1-0: Foul Ball, location: 2F 1-1: Called Strike 1-2: Ball 2-2: Ball 3-2: Base on Balls
|
|
Batting: LHB Austin Ohmer
|
0-0: Foul Ball, location: 2F 0-1: Fly out, F9 (Flyball, 9D, EV 106.3 MPH)
|
|
Batting: RHB Wing-kit Bu
|
0-0: Called Strike 0-1: SINGLE (Groundball, 56S, EV 67.5 MPH) (infield hit) Cal Winters to second
|
|
Batting: RHB Steve French
|
0-0: Called Strike 0-1: Ball 1-1: Ball 2-1: Called Strike 2-2: Fly out, F8 (Flyball, 89M, EV 88.8 MPH)
|
|
Batting: SHB Willie Koviak
|
0-0: Called Strike 0-1: Fly out, F5 (Popup, 5F, EV 54.4 MPH)
|
| Bottom of the 1st over - 0 runs, 1 hit, 0 errors, 2 left on base; Erie 0 - Montgomery 0 |
| TOP OF THE 2ND |
|
Erie SeaWolves batting - Pitching for Montgomery Biscuits : LHP Dave Lindsay
|
|
Batting: RHB Steve Clark
|
0-0: Ball 1-0: Foul Ball, location: 2F 1-1: Ball 2-1: Swinging Strike 2-2: Foul Ball, location: 2F 2-2: Foul Ball, location: 2F 2-2: Foul Ball, location: 2F 2-2: Ball 3-2: Base on Balls
|
|
Batting: LHB Takuya Uchida
|
0-0: Called Strike 0-1: Foul Ball, location: 2F 0-2: Foul Ball, location: 2F 0-2: Ball 1-2: Foul Ball, location: 2F 1-2: Strikes out looking
|
|
Batting: RHB Miguel Nunez
|
0-0: Ball 1-0: Swinging Strike 1-1: Called Strike 1-2: Ball 2-2: Ball 3-2: Foul Ball, location: 2F 3-2: Strikes out swinging
|
|
Batting: RHB Dusty Newman
|
0-0: Called Strike 0-1: Fly out, F9 (Line Drive, 9, EV 97.5 MPH)
|
| Top of the 2nd over - 0 runs, 0 hits, 0 errors, 1 left on base; Erie 0 - Montgomery 0 |
| BOTTOM OF THE 2ND |
|
Montgomery Biscuits batting - Pitching for Erie SeaWolves : RHP Branden Maynard
|
|
Batting: LHB Barnabé Metrass
|
0-0: Ball 1-0: Fly out, F7 (Flyball, 7S, EV 87.5 MPH)
|
|
Batting: RHB Sczlopy Hed
|
0-0: Foul Ball, location: 2F 0-1: Ball 1-1: Ball 2-1: Swinging Strike 2-2: Ground out 5-3 (Groundball, 56S, EV 61.9 MPH)
|
|
Batting: RHB Devin Brown
|
0-0: Foul Ball, location: 2F 0-1: Ball 1-1: Ball 2-1: Ball 3-1: Ground out 4-3 (Groundball, 4, EV 98.1 MPH)
|
| Bottom of the 2nd over - 0 runs, 0 hits, 0 errors, 0 left on base; Erie 0 - Montgomery 0 |
| TOP OF THE 3RD |
|
Erie SeaWolves batting - Pitching for Montgomery Biscuits : LHP Dave Lindsay
|
|
Batting: LHB Oscar Gonzalez
|
0-0: Ball 1-0: Foul Ball, location: 2F 1-1: Called Strike 1-2: Ball 2-2: Ball 3-2: Foul Ball, location: 2F 3-2: Foul Ball, location: 2F 3-2: Base on Balls
|
|
Batting: LHB Adam Lancaster
|
0-0: Ball 1-0: Swinging Strike 1-1: Foul Ball, location: 2F 1-2: Ball 2-2: Ball 3-2: Foul Ball, location: 2F 3-2: SINGLE (Groundball, 34D, EV 98.1 MPH) Oscar Gonzalez to second Runner from 2nd tries for 3rd, SAFE, throw by RF made to third
|
|
Batting: RHB Yaremka Rzhevsky
|
0-0: Called Strike 0-1: Called Strike 0-2: Ball 1-2: Ball 2-2: Fly out, F9 (Flyball, 9LS, EV 95.6 MPH)
|
|
Batting: LHB Luis Dominguez
|
0-0: Ball 1-0: Ball 2-0: Ball 3-0: Called Strike 3-1: Fielders Choice at 2nd, 3-6 (Groundball, 3, EV 99.4 MPH) Oscar Gonzalez scores
|
|
Batting: LHB Freddy Troncoso
|
0-0: Called Strike 0-1: Called Strike 0-2: Fielders Choice at 2nd, 6-4 (Groundball, 6, EV 89.4 MPH)
|
| Top of the 3rd over - 1 run, 1 hit, 0 errors, 1 left on base; Erie 1 - Montgomery 0 |
| BOTTOM OF THE 3RD |
|
Montgomery Biscuits batting - Pitching for Erie SeaWolves : RHP Branden Maynard
|
|
Batting: RHB Alfredo Moreno
|
0-0: Swinging Strike 0-1: Ball 1-1: Called Strike 1-2: Strikes out swinging
|
|
Batting: RHB Cal Winters
|
0-0: Ball 1-0: Ball 2-0: Called Strike 2-1: Called Strike 2-2: SINGLE (Groundball, 6S, EV 71.3 MPH) (infield hit)
|
|
Batting: LHB Austin Ohmer
|
0-0: Ball 1-0: Foul Ball, location: 2F 1-1: Fly out, F5 (Popup, 5SF, EV 85.0 MPH)
|
|
Batting: RHB Wing-kit Bu
|
0-0: Ball 1-0: Ball 2-0: Foul Ball, location: 2F 2-1: Ball 3-1: Called Strike 3-2: TRIPLE (Flyball, 89XD, EV 97.5 MPH) Cal Winters scores
|
|
Batting: RHB Steve French
|
0-0: Ball 1-0: Ball 2-0: Ball 3-0: Called Strike 3-1: Base on Balls
|
|
Batting: SHB Willie Koviak
|
0-0: Ball 1-0: Ball 2-0: Fly out, F5 (Line Drive, 5, EV 73.8 MPH)
|
| Bottom of the 3rd over - 1 run, 2 hits, 0 errors, 2 left on base; Erie 1 - Montgomery 1 |
| TOP OF THE 4TH |
|
Erie SeaWolves batting - Pitching for Montgomery Biscuits : LHP Dave Lindsay
|
|
Batting: RHB Steve Clark
|
0-0: Foul Ball, location: 2F 0-1: Ball 1-1: Called Strike 1-2: Foul Ball, location: 2F 1-2: Ball 2-2: Foul Ball, location: 2F 2-2: Foul Ball, location: 2F 2-2: Ball 3-2: Foul Ball, location: 2F 3-2: Foul Ball, location: 2F 3-2: Foul Ball, location: 2F 3-2: Strikes out swinging
|
|
Batting: LHB Takuya Uchida
|
0-0: Swinging Strike 0-1: Ball 1-1: Swinging Strike 1-2: SINGLE (Groundball, 3D, EV 97.5 MPH)
|
|
Batting: RHB Miguel Nunez
|
0-0: Foul Ball, location: 2F 0-1: Ball 1-1: Foul Ball, location: 2F 1-2: Ball 2-2: Foul Ball, location: 2F 2-2: Foul Ball, location: 2F 2-2: Ball 3-2: Grounds into double play, 5-4-3 (Groundball, 56S, EV 83.8 MPH)
|
| Top of the 4th over - 0 runs, 1 hit, 0 errors, 0 left on base; Erie 1 - Montgomery 1 |
| BOTTOM OF THE 4TH |
|
Montgomery Biscuits batting - Pitching for Erie SeaWolves : RHP Branden Maynard
|
|
Batting: LHB Barnabé Metrass
|
0-0: Called Strike 0-1: Foul Ball, location: 2F 0-2: Strikes out swinging
|
|
Batting: RHB Sczlopy Hed
|
0-0: Called Strike 0-1: Ball 1-1: Foul Ball, location: 2F 1-2: Ball 2-2: Foul Ball, location: 2F 2-2: Ball 3-2: DOUBLE (Groundball, 5L, EV 104.4 MPH)
|
|
Batting: RHB Devin Brown
|
0-0: Ball 1-0: Foul Ball, location: 2F 1-1: Swinging Strike 1-2: Strikes out swinging
|
|
Batting: RHB Alfredo Moreno
|
0-0: Ball 1-0: Ball 2-0: Foul Ball, location: 2F 2-1: Ground out 3-1 (Groundball, 34, EV 110.6 MPH)
|
| Bottom of the 4th over - 0 runs, 1 hit, 0 errors, 1 left on base; Erie 1 - Montgomery 1 |
| TOP OF THE 5TH |
|
Erie SeaWolves batting - Pitching for Montgomery Biscuits : LHP Dave Lindsay
|
|
Batting: RHB Dusty Newman
|
0-0: Fly out, F9 (Flyball, 9LM, EV 103.1 MPH)
|
|
Batting: LHB Oscar Gonzalez
|
0-0: Ball 1-0: Called Strike 1-1: Foul Ball, location: 2F 1-2: Ball 2-2: Strikes out swinging
|
|
Batting: LHB Adam Lancaster
|
0-0: Called Strike 0-1: Ball 1-1: Ball 2-1: Swinging Strike 2-2: Ground out 5-3 (Groundball, 56, EV 80.0 MPH)
|
| Top of the 5th over - 0 runs, 0 hits, 0 errors, 0 left on base; Erie 1 - Montgomery 1 |
| BOTTOM OF THE 5TH |
|
Montgomery Biscuits batting - Pitching for Erie SeaWolves : RHP Branden Maynard
|
|
Batting: RHB Cal Winters
|
0-0: Called Strike 0-1: Ball 1-1: Ball 2-1: Ball 3-1: Foul Ball, location: 2F 3-2: Foul Ball, location: 2F 3-2: SINGLE (Groundball, 25, EV 69.4 MPH) (infield hit)
|
|
Batting: LHB Austin Ohmer
|
0-0: Ball 1-0: Called Strike 1-1: Ball 2-1: Called Strike 2-2: Ball 3-2: Foul Ball, location: 2F 3-2: Base on Balls Cal Winters to second
|
|
Batting: RHB Wing-kit Bu
|
0-0: Ball 1-0: Ball 2-0: Reached on error, E6 (Groundball, 6, EV 80.0 MPH) Cal Winters to third Austin Ohmer to second
|
|
Pitching: RHP John Harrell
|
|
|
Batting: RHB Steve French
|
0-0: Ball 1-0: Ball Wild Pitch! Cal Winters scores Austin Ohmer to third Wing-kit Bu to second 2-0: Ball 3-0: Called Strike 3-1: Base on Balls
|
|
Batting: SHB Willie Koviak
|
0-0: Called Strike 0-1: Called Strike 0-2: Ball 1-2: Fly out, F7 (Flyball, 7S, EV 91.3 MPH) Runner from 3rd tags up, SCORES, throw by LF
|
|
Batting: LHB Barnabé Metrass
|
0-0: Ball 1-0: Called Strike 1-1: Called Strike 1-2: Fly out, F6 (Popup, 6, EV 66.3 MPH)
|
|
Batting: RHB Sczlopy Hed
|
0-0: Ball 1-0: Fly out, F7 (Flyball, 7, EV 84.4 MPH)
|
| Bottom of the 5th over - 2 runs, 1 hit, 1 error, 2 left on base; Erie 1 - Montgomery 3 |
| TOP OF THE 6TH |
|
Erie SeaWolves batting - Pitching for Montgomery Biscuits : LHP Dave Lindsay
|
|
Pitching: RHP Jesse Rosa
|
|
|
Batting: RHB Yaremka Rzhevsky
|
0-0: Ball 1-0: Called Strike 1-1: Swinging Strike 1-2: Foul Ball, location: 2F 1-2: Strikes out swinging
|
|
Batting: LHB Luis Dominguez
|
0-0: Swinging Strike 0-1: Called Strike 0-2: Ball 1-2: Strikes out swinging
|
|
Batting: LHB Freddy Troncoso
|
0-0: Foul Ball, location: 2F 0-1: Foul Ball, location: 2F 0-2: Foul Ball, location: 2F 0-2: Ball 1-2: Ball 2-2: Ground out 4-3 (Groundball, 4, EV 101.9 MPH)
|
| Top of the 6th over - 0 runs, 0 hits, 0 errors, 0 left on base; Erie 1 - Montgomery 3 |
| BOTTOM OF THE 6TH |
|
Montgomery Biscuits batting - Pitching for Erie SeaWolves : RHP John Harrell
|
|
Batting: RHB Devin Brown
|
0-0: Fly out, F9 (Line Drive, 9, EV 95.6 MPH)
|
|
Batting: RHB Alfredo Moreno
|
0-0: Called Strike 0-1: Ball 1-1: Called Strike 1-2: Ball 2-2: Fly out, F8 (Flyball, 78D, EV 91.3 MPH)
|
|
Batting: RHB Cal Winters
|
0-0: Foul Ball, location: 2F 0-1: Ball 1-1: Ground out 6-3 (Groundball, 6M, EV 82.5 MPH)
|
| Bottom of the 6th over - 0 runs, 0 hits, 0 errors, 0 left on base; Erie 1 - Montgomery 3 |
| TOP OF THE 7TH |
|
Erie SeaWolves batting - Pitching for Montgomery Biscuits : RHP Jesse Rosa
|
|
Batting: RHB Steve Clark
|
0-0: Foul Ball, location: 2F 0-1: Ball 1-1: Ball 2-1: Ball 3-1: Foul Ball, location: 2F 3-2: Strikes out swinging
|
|
Batting: LHB Takuya Uchida
|
0-0: Swinging Strike 0-1: Foul Ball, location: 2F 0-2: Ball 1-2: SINGLE (Flyball, 9LS, EV 89.4 MPH)
|
|
Batting: RHB Miguel Nunez
|
0-0: Foul Ball, location: 2F 0-1: Ball 1-1: SINGLE (Groundball, 56D, EV 99.4 MPH) Takuya Uchida to second
|
|
Batting: RHB Dusty Newman
|
0-0: Called Strike 0-1: Ball 1-1: Ball 2-1: Ball 3-1: Called Strike 3-2: Base on Balls Takuya Uchida to third Miguel Nunez to second
|
|
Pitching: RHP Joey Morrison
|
|
|
Batting: LHB Oscar Gonzalez
|
0-0: Ball 1-0: Grounds into fielders choice 4-2 (Groundball, 4, EV 86.9 MPH) Miguel Nunez to third Dusty Newman to second
|
|
Batting: LHB Adam Lancaster
|
0-0: Foul Ball, location: 2F 0-1: Foul Ball, location: 2F 0-2: Ball 1-2: Ball 2-2: Foul Ball, location: 2F 2-2: Foul Ball, location: 2F 2-2: Ball Wild Pitch! Miguel Nunez scores Dusty Newman to third Oscar Gonzalez to second 3-2: Strikes out swinging
|
| Top of the 7th over - 1 run, 2 hits, 0 errors, 2 left on base; Erie 2 - Montgomery 3 |
| BOTTOM OF THE 7TH |
|
Montgomery Biscuits batting - Pitching for Erie SeaWolves : RHP John Harrell
|
|
Pitching: RHP Nate Mull
|
|
|
Batting: LHB Austin Ohmer
|
0-0: Called Strike 0-1: Swinging Strike 0-2: Ball 1-2: Fly out, F8 (Line Drive, 8RD, EV 105.0 MPH)
|
|
Batting: RHB Wing-kit Bu
|
0-0: Ball 1-0: Foul Ball, location: 2F 1-1: DOUBLE (Groundball, 5L, EV 103.8 MPH)
|
|
Batting: RHB Steve French
|
0-0: Called Strike 0-1: Foul Ball, location: 2F 0-2: Strikes out looking
|
|
Batting: SHB Willie Koviak
|
0-0: Ball 1-0: Ball 2-0: Ground out 6-3 (Groundball, 6, EV 82.5 MPH)
|
| Bottom of the 7th over - 0 runs, 1 hit, 0 errors, 1 left on base; Erie 2 - Montgomery 3 |
| TOP OF THE 8TH |
|
Erie SeaWolves batting - Pitching for Montgomery Biscuits : RHP Joey Morrison
|
|
Batting: RHB Yaremka Rzhevsky
|
0-0: Called Strike 0-1: Foul Ball, location: 2F 0-2: Ball 1-2: Ball 2-2: Fly out, F8 (Flyball, 89M, EV 85.0 MPH)
|
|
Batting: LHB Luis Dominguez
|
0-0: Ball 1-0: Foul Ball, location: 2F 1-1: Swinging Strike 1-2: Foul Ball, location: 2F 1-2: Strikes out swinging
|
|
Batting: LHB Freddy Troncoso
|
0-0: Called Strike 0-1: Swinging Strike 0-2: Foul Ball, location: 2F 0-2: Ball 1-2: Foul Ball, location: 2F 1-2: Ball 2-2: Foul Ball, location: 2F 2-2: Ball 3-2: Strikes out swinging
|
| Top of the 8th over - 0 runs, 0 hits, 0 errors, 0 left on base; Erie 2 - Montgomery 3 |
| BOTTOM OF THE 8TH |
|
Montgomery Biscuits batting - Pitching for Erie SeaWolves : RHP Nate Mull
|
|
Batting: LHB Barnabé Metrass
|
0-0: Foul Ball, location: 2F 0-1: Foul Ball, location: 2F 0-2: Ball 1-2: Strikes out looking
|
|
Batting: RHB Sczlopy Hed
|
0-0: TRIPLE (Flyball, 8LXD, EV 90.6 MPH)
|
|
Batting: RHB Devin Brown
|
0-0: Intentional Walk
|
|
Batting: RHB Alfredo Moreno
|
0-0: Called Strike 0-1: Swinging Strike 0-2: Ball 1-2: Foul Ball, location: 2F 1-2: Ball 2-2: Foul Ball, location: 2F 2-2: Strikes out swinging
|
|
Batting: RHB Cal Winters
|
0-0: Ball 1-0: Fielders Choice at 2nd, 6-4 (Groundball, 6, EV 84.4 MPH)
|
| Bottom of the 8th over - 0 runs, 1 hit, 0 errors, 2 left on base; Erie 2 - Montgomery 3 |
| TOP OF THE 9TH |
|
Erie SeaWolves batting - Pitching for Montgomery Biscuits : RHP Joey Morrison
|
|
Pitching: LHP Sam Wesman
|
|
|
Batting: RHB Steve Clark
|
0-0: Called Strike 0-1: Ball 1-1: Ball 2-1: Foul Ball, location: 2F 2-2: SINGLE (Groundball, 56D, EV 100.0 MPH)
|
|
Pinch Hitting: RHB Jordan Mejias
|
0-0: Ball 1-0: Grounds into double play, 6-4-3 (Groundball, 56, EV 84.4 MPH)
|
|
Batting: RHB Miguel Nunez
|
0-0: Ball 1-0: Called Strike 1-1: Foul Ball, location: 2F 1-2: Strikes out looking
|
| Top of the 9th over - 0 runs, 1 hit, 0 errors, 0 left on base; Erie 2 - Montgomery 3 |
|